 Dungeon Crawl Stone Soup version 0.28.0-45-g0d030f2227 (webtiles) character file.

Game seed: 16298715334055718064

38 Peloso the Covered (level 3, -2/33 HPs)
             Began as a Minotaur Fighter on Apr 15, 2022.
             Slain by a gnoll
             ... wielding a +0 spear
              (7 damage)
             ... on level 2 of the Dungeon.
             The game lasted 00:01:42 (1023 turns).

Peloso the Covered (Minotaur Fighter)               Turns: 1023, Time: 00:01:42

Health: -2/33      AC:  8    Str: 20    XL:     3   Next: 25%
Magic:  2/2        EV:  9    Int:  5    God:
Gold:   52         SH:  4    Dex: 11    Spells: 2/2 levels left

rFire   . . .      SeeInvis .   a - +0 long sword
rCold   . . .      Faith    .   c - +0 buckler
rNeg    . . .      Spirit   .   b - +0 scale mail
rPois   .          Reflect  .   (helmet restricted)
rElec   .          Harm     .   (no cloak)
rCorr   .          Rampage  .   f - +0 pair of gloves
Will    .....                   (no boots)
Stlth   ..........              (no amulet)
HPRegen 0.11/turn               (no ring)
MPRegen 0.08/turn               (no ring)

@: no status effects
A: horns 2, retaliatory headbutt
a: no special abilities


You were on level 2 of the Dungeon.
You visited 1 branch of the dungeon, and saw 2 of its levels.

You collected 52 gold pieces.

Inventory:

Hand Weapons
 a - a +0 long sword (weapon)
Armour
 b - a +0 scale mail (worn)
 c - a +0 buckler (worn)
 f - a +0 pair of gloves (worn)
Scrolls
 g - a scroll of identify {unknown}
Potions
 d - 2 potions of might
 e - a potion of magic {unknown}


   Skills:
 + Level 3.9 Fighting
 + Level 3.4 Long Blades
 + Level 4.1 Armour
 + Level 0.2 Dodging
 + Level 3.9 Shields


You had 2 spell levels left.
You didn't know any spells.
Your spell library was empty.

Dungeon Overview and Level Annotations

Branches:
Dungeon (2/15)

Altars:
Dithmenos


Innate Abilities, Weirdness & Mutations

You have a pair of horns on your head.
You reflexively headbutt those who attack you in melee.


Message History

The gnoll is heavily wounded.
The gnoll barely misses you.
The gnoll hits you from afar with a +0 halberd!
You closely miss the gnoll.
The gnoll is heavily wounded.
The gnoll hits you with a +0 club. You block the gnoll's attack.
You hit the gnoll but do no damage.
The gnoll is heavily wounded.
You block the gnoll's attack. x2
You hit the gnoll.
The gnoll is severely wounded.
The gnoll hits you with a +0 club.
The gnoll hits you from afar with a +0 halberd.
You block the gnoll's attack.
The gnoll hits you from afar with a +0 halberd.
* * * LOW HITPOINT WARNING * * *
The gnoll closely misses you.
You see here an adder corpse.
You see here a dart slug corpse.
You see here a +0 leather armour.
The gnoll hits you with a +0 club. You block the gnoll's attack.
The gnoll hits you with a +0 spear.
* * * LOW HITPOINT WARNING * * *
The gnoll hits you but does no damage.
You see here a +0 glaive.
Unknown command.
Okay, then.
You barely miss the gnoll. The gnoll closely misses you.
The gnoll hits you with a +0 spear.
* * * LOW HITPOINT WARNING * * *
You block the gnoll's attack. The gnoll hits you but does no damage.
The gnoll hits you from afar with a +0 halberd.
* * * LOW HITPOINT WARNING * * *
Unknown command.
You block the gnoll's attack.
You hit the hobgoblin.
The hobgoblin is heavily wounded.
The hobgoblin hits you but does no damage.
The gnoll hits you but does no damage. The gnoll hits you with a +0 spear!
You die...

##.#.##.##.#..< #..
##.#.##.#.##.... +..
##.#.##.#.#g##... #<.
##.#.##g#.#.#g##.. ##.
##.#.##.#.###.#.##. ##
##.#.##†#.##.##.#.## #
##.#.##.#.##.#.##.#g##
##.#.##.#g##.#.#†##.#g## ###
#.#.##.#.##@#...#.##g#.###..
#.##.#.##ggg[##.#.##.#.##.#
#.#.##g#...#g##.#.##.#.## #
##.#.##.#.#†##.#.##.#.## #
##.#.##.#.##.#.##.#.## #
##.#.##.##.#†##.#g##
##.#.###.#.##g#.##
##.#.#.#.##.#.##
##.#.#.##.#g##


You could see 3 gnolls and a hobgoblin.

Vanquished Creatures
  An adder (D:2)
  3 dart slugs
  An endoplasm (D:1)
  A giant cockroach (D:2)
  4 hobgoblins (D:2)
  2 jackals (D:1)
  3 quokkas (D:1)
  2 bats
  2 kobolds (D:1)
  3 rats
22 creatures vanquished.

Notes
Turn   | Place    | Note
-------+----------+-------------------------------------------
     0 | D:1      | Peloso the Minotaur Fighter began the quest for the Orb.
     0 | D:1      | Reached XP level 1. HP: 19/19 MP: 0/0
    39 | D:1      | Found a faded altar of an unknown god.
   307 | D:1      | Reached XP level 2. HP: 27/27 MP: 1/1
   708 | D:2      | Reached skill level 4 in Armour
   723 | D:2      | Found a shadowy altar of Dithmenos.
   863 | D:2      | Reached XP level 3. HP: 30/33 MP: 2/2
  1023 | D:2      | Slain by a gnoll

Illustrated notes

Levels and vault maps discovered:
D:1:      saegor_arrival_simple_d, layout_loops_ring,
          ebering_ecumenical_altar_abandoned, serial_bayou_ford_a,
          minmay_misc_feat_alley, nicolae_concentric_dashed_squares_mild
D:2:      minmay_inner_zag, layout_loops_corners, basic_altar,
          minmay_pentomino_v4

Skill      XL: |  1  2 |
---------------+-------+-----
Long Blades    | 3 |  3.4
Armour         | 4 |  4.1
Fighting       | |  3.9
Dodging        | |  0.2
Shields        | |  3.9

Action                   || total
-------------------------++-------
Melee: Long sword        ||    57
       Headbutt          ||     4
Armor: Scale mail        ||    29
Dodge: Dodged            ||    29
Block: Buckler           ||    16
